 Dungeon Crawl Stone Soup version 0.21.0-24-g2553a33 (webtiles) character file.

116 Monsterracer the Chopper (level 4, 0/42 HPs)
             Began as a Deep Dwarf Abyssal Knight on Jan 21, 2018.
             Was an Initiate of Makhleb.
             Killed by divine providence
             ... invoked by an orc priest
              (12 damage)
             ... on level 2 of the Dungeon.
             The game lasted 00:02:28 (1021 turns).

Monsterracer the Chopper (DDAK)                     Turns: 1021, Time: 00:02:29

Health: 0/42       AC:  5    Str: 17    XL:     4   Next: 69%
Magic:  5/6        EV: 12    Int: 12    God:    Makhleb [......]
Gold:   93         SH:  0    Dex: 12    Spells: 3/3 levels left

rFire    . . .     SeeInvis .   a - +1 hand axe
rCold    + . .     Gourm    .   (no shield)
rNeg     . . .     Faith    .   o - +0 leather armour
rPois    .         Spirit   .   k - +2 hat
rElec    .         Reflect  .   (no cloak)
rCorr    .         Harm     .   (no gloves)
MR       .....                  (no boots)
Stlth    +.........             (no amulet)
HPRegen  0.00/turn              e - ring of protection from cold {!d}
MPRegen  0.10/turn              (no ring)

@: non-regenerating
A: damage resistance, heal wounds, sense surroundings 1, no regeneration
a: Heal Wounds, Renounce Religion


You were on level 2 of the Dungeon.
You worshipped Makhleb.
Makhleb was noncommittal.
You were hungry.

You visited 1 branch of the dungeon, and saw 2 of its levels.
You visited the Abyss 1 time.

You collected 93 gold pieces.

Inventory:

Hand Weapons
 a - a +1 hand axe (weapon)
 b - a +0 flail
Armour
 i - a +0 plate armour
 k - a +2 hat (worn)
 o - a +0 leather armour (worn)
Jewellery
 e - a ring of protection from cold (left hand) {!d}
Scrolls
 f - 2 scrolls of identify {unknown}
 g - a scroll of enchant weapon {unknown}
 j - 2 scrolls of remove curse {unknown}
Potions
 d - a potion of heal wounds {unknown}
 h - 4 potions of curing {unknown}
 l - a potion of agility {unknown}
 n - a potion of brilliance {unknown}
Comestibles
 c - 3 rations
 m - a chunk of flesh


   Skills:
 + Level 3.0 Fighting
 * Level 4.4 Axes
 + Level 2.7 Armour
 + Level 1.9 Dodging
 + Level 3.0 Invocations


You had 3 spell levels left.
You didn't know any spells.

Dungeon Overview and Level Annotations

Branches:
Dungeon (2/15)

Altars:
Makhleb


Innate Abilities, Weirdness & Mutations

You are resistant to damage.
You can heal yourself by infusing magical energy.
You passively map a small area around you.
You do not regenerate.


Message History

The orc priest shouts!
You hear a shout!
Things that are here:
a hand axe; a leather armour You start waiting.
You closely miss the orc priest. The orc priest barely misses you.
You hit the orc priest.
The orc priest is heavily wounded.
The orc priest completely misses you.
You hit the orc priest.
The orc priest is severely wounded.
The orc priest closely misses you.
You barely miss the orc priest.
The orc priest is severely wounded.
The orc priest barely misses you.
You hit the orc priest.
The orc priest is almost dead.
The orc priest closely misses you.
You hit the orc priest.
You kill the orc priest!
Makhleb accepts your kill.
You have reached level 4!
You feel stronger.
You regained 3 hp, and now have 19/40 hp.
The orc shouts!
The orc throws a tomahawk.
The tomahawk hits you but does no damage.
Things that are here:
a tomahawk; a flail; an orc corpse
Okay, then.
o - a flail The orc throws a tomahawk.
The tomahawk closely misses you.
Adjust (i)tems, (s)pells, or (a)bilities?
Adjust which item? (? for menu, Esc to quit)
o - a flail Adjust to which letter? (? for menu, Esc to quit)
b - a flail;
o - a +0 leather armour (worn)
You hit the orc priest but do no damage.
The orc priest mumbles some strange prayers to Beogh against you.
You struggle to resist.
The orc shouts!
You hit the orc priest but do no damage.
The orc priest hits you with a mace.
You hit the orc priest.
The orc priest is moderately wounded.
The orc priest closely misses you.
You barely miss the orc priest.
The orc priest is moderately wounded.
The orc priest hits you with a mace.
* * * LOW HITPOINT WARNING * * *
You take 4 damage, and have 15/40 hp.
You hit the orc priest but do no damage.
The orc priest is moderately wounded.
The orc priest hits you with a mace.
* * * LOW HITPOINT WARNING * * *
You take 2 damage, and have 13/40 hp.
You hit the orc priest.
The orc priest is heavily wounded.
The orc priest barely misses you.
You hit the orc priest.
The orc priest is severely wounded.
The orc priest invokes the aid of Beogh against you.
Pain shoots through your body!
* * * LOW HITPOINT WARNING * * *
You take 8 damage, and have 5/40 hp.
You are feeling hungry.
You barely miss the orc priest.
The orc priest is severely wounded.
The orc priest hits you but does no damage.
You feel much better. The orc priest hits you with a mace!
You regained 18 hp, and now have 23/40 hp.
You hit the orc priest.
The orc priest is almost dead.
The orc priest closely misses you.
You hit the orc priest.
You kill the orc priest!
Makhleb accepts your kill.
Your Fighting skill increases to level 3!
Your Invocations skill increases to level 3!
The orc throws a tomahawk.
The tomahawk closely misses you.
The orc throws a tomahawk.
The tomahawk barely misses you.
The orc throws a tomahawk.
The tomahawk hits you.
You take 1 damage, and have 22/42 hp.
The orc hits you. The orc barely misses you.
Items here: )) [[ a mace; a ring mail; a hand axe; a leather armour You hit the orc but do no damage.
You hit the orc. The orc hits you. The orc hits you with a hand axe.
* * * LOW HITPOINT WARNING * * *
You take 1 damage, and have 21/42 hp.
You hit the orc.
The orc is severely wounded.
You hit the orc.
The orc priest calls down the wrath of Beogh upon you.
Beogh smites you!
* * * LOW HITPOINT WARNING * * *
The orc hits you.
* * * LOW HITPOINT WARNING * * *
The orc priest calls down the wrath of Beogh upon you.
Beogh smites you!
You die...

* * *#.#### ,, . , ##.... .#
**######...###### #.#
.......†......## ,..# , ,**
**####..#.)####.(##.#.#*
*#<...†.####......# , .
#....###.##.(.##..# , ##.* *
#.##.##.....#(#..###.##..*
...........###@#.........####
.... ....###.#
#oooo..........### ###......#
#.# ###..#?####$##....
#......# #.# ...............
#......# #.# ,
..........##... ..) , #..
#.......#.##... ,,, ##.,,
.≈...≈.#.oo.o. ,
.......#..#... , , **
.......#....o.


You could see an orc priest and 3 orcs.

Vanquished Creatures
  2 orc priests (D:2)
  A gnoll (D:1)
  2 adders (D:2)
  An ufetubus (Abyss:1)
  A dart slug (D:1)
  An orc (D:2)
  A bat (D:2)
  A giant cockroach (D:1)
  2 goblins (D:1)
  4 hobgoblins
  2 jackals (D:2)
  3 kobolds (D:1)
  4 rats
25 creatures vanquished.

Notes
Turn   | Place    | Note
-------+----------+-------------------------------------------
     0 | Abyss:1  | Monsterracer the Deep Dwarf Abyssal Knight began the quest for the Orb.
     0 | Abyss:1  | Reached XP level 1. HP: 20/20 MP: 2/2
   220 | Abyss:1  | Noticed a wretched star
   224 | D:1      | Escaped the Abyss
   269 | D:1      | Reached skill level 3 in Axes
   272 | D:1      | Reached XP level 2. HP: 18/27 MP: 3/3
   321 | D:1      | HP: 13/27 [kobold (1)]
   335 | D:1      | HP: 8/27 [gnoll/whip (5)]
   349 | D:1      | Reached * piety under Lugonu
   410 | D:1      | HP: 11/27 [kobold/short sword (3)]
   587 | D:1      | HP: 10/27 [rat (1)]
   771 | D:1      | HP: 9/27 [kobold (1)]
   773 | D:1      | Reached XP level 3. HP: 12/33 MP: 4/4
   778 | D:1      | HP: 10/33 [kobold (2)]
   822 | D:2      | Found a burning altar of Makhleb.
   829 | D:2      | Fell from the grace of Lugonu
   829 | D:2      | Became a worshipper of Makhleb the Destroyer
   894 | D:2      | HP: 5/33 [orc priest/divine providence (15)]
   955 | D:2      | Reached skill level 4 in Axes
   986 | D:2      | HP: 16/33 [orc/hand axe (1)]
  1004 | D:2      | Reached XP level 4. HP: 19/40 MP: 4/6
  1011 | D:2      | HP: 15/40 [orc priest/mace (4)]
  1014 | D:2      | HP: 5/40 [orc priest/nerve-wracking pain (8)]
  1020 | D:2      | HP: 21/42 [orc/hand axe (1)]
  1021 | D:2      | Killed from afar by an orc priest

Skill      XL: |  1  2  3  4 |
---------------+-------------+-----
Axes           | 3 4 |  4.4
Fighting       | 3 |  3.0
Invocations    | 3 |  3.0
Armour         | |  2.7
Dodging        | |  1.9

Action                   |  1- 3 |  4- 6 || total
-------------------------+-------+-------++-------
Melee: Hand axe          |    98 |    12 ||   110
Invok: Depart the Abyss  |     1 |       ||     1
 Abil: Heal Wounds       |     3 |     1 ||     4
Armor: Leather armour    |    30 |     2 ||    32
Dodge: Dodged            |    76 |     7 ||    83

Vault maps used:
D:1:      scummos_arrival_forest
D:2:      cheibrodos_pilgrimage, lemuel_crystal_altar, lemuel_crystal_altar,
          minmay_snake_closets
Abyss:1:  hangedman_steaming_rock
